 Dungeon Crawl Stone Soup version 0.26.1-11-gd32895ea62 (webtiles) character file.

Game seed: 11114992873429703858

81 ubername the Firebug (level 4, -8/34 HPs)
             Began as a Draconian Fire Elementalist on May 19, 2021.
             Mangled by a gnoll
             ... wielding a +2 vampiric halberd
              (12 damage)
             ... on level 2 of the Dungeon.
             The game lasted 00:05:23 (2019 turns).

ubername the Firebug (Draconian Fire Elementalist)  Turns: 2019, Time: 00:05:26

Health: -8/34      AC:  6    Str: 10    XL:     4   Next: 20%
Magic:  6/7        EV: 12    Int: 17    God:
Gold:   42         SH:  0    Dex: 11    Spells: 3/7 levels left

rFire    . . .     SeeInvis .   b - +0 short sword
rCold    . . .     Faith    .   (no shield)
rNeg     . . .     Spirit   .   (armour unavailable)
rPois    .         Reflect  .   (helmet restricted)
rElec    .         Harm     .   (no cloak)
rCorr    .         Rampage  .   j - +0 pair of gloves
Will     .....                  (no boots)
Stlth    ++........             a - amulet of the acrobat
HPRegen  0.11/turn              (no ring)
MPRegen  0.10/turn              (no ring)

@: no status effects
A: unfitting armour, cold-blooded, AC +5
a: no special abilities


You were on level 2 of the Dungeon.
You visited 1 branch of the dungeon, and saw 2 of its levels.

You collected 42 gold pieces.

Inventory:

Hand Weapons
 b - a +0 short sword (weapon)
Armour
 j - a +0 pair of gloves (worn)
Jewellery
 a - an amulet of the acrobat (around neck)
 d - a +4 ring of protection {unknown}
 i - an uncursed ring of positive energy {unknown}
Scrolls
 c - a scroll of identify


   Skills:
 + Level 0.3 Fighting
 + Level 1.0 Short Blades
 + Level 2.0 Dodging
 + Level 2.1 Stealth
 + Level 2.4 Spellcasting
 + Level 1.6 Conjurations
 + Level 3.9 Fire Magic


You had 3 spell levels left.
You knew the following spells:

 Your Spells              Type           Power        Failure   Level
a - Foxfire               Conj/Fire      44%          6%          1
b - Conjure Flame         Conj/Fire      11%          19%         3

Your spell library contained the following spells:

 Spells                   Type           Power        Failure   Level
 Inner Flame              Hex/Fire       8%           26%         3
 Confusing Touch          Hex            2%           50%         3
 Gell's Gravitas          Tloc           1%           50%         3
 Sticky Flame             Conj/Fire      11%          52%         4
 Fireball                 Conj/Fire      5%           86%         5
 Petrify                  Tmut/Erth      2%           88%         4
 Metabolic Englaciation   Hex/Ice        1%           99%         5
 Yara's Violent Unravell  Hex/Tmut       1%           99%         5


Dungeon Overview and Level Annotations

Branches:
Dungeon (2/15)

Altars:


Innate Abilities, Weirdness & Mutations

Your plain brown scales are hard. (AC +5)
You cannot fit into any form of body armour.
You are cold-blooded and may be slowed by cold attacks.


Message History

As you read the scroll labelled GUEJEE HYDOR, it crumbles to dust.
You feel aware of your surroundings.
It was a scroll of magic mapping.
The gnoll barely misses you. x2
As you read the scroll labelled IGYS GATRU, it crumbles to dust.
It is a scroll of amnesia.
Really abort (and waste the scroll)? [Y]es or [N]o only, please.
Really abort (and waste the scroll)?
Okay, then.
The gnoll barely misses you.
The gnoll hits you with a +2 vampiric halberd!
* * * LOW HITPOINT WARNING * * *
You aren't carrying any potions.
As you read the scroll labelled XOURAS FI WEST, it crumbles to dust.
You feel as if something is helping you.
It was a scroll of remove curse.
The gnoll hits you from afar with a +0 halberd.
* * * LOW HITPOINT WARNING * * *
The gnoll hits you with a +2 vampiric halberd!
You die...

##### ****** #...# *,,,.,
#########..)################....,
..............†..g.g............,
.###############g######.........,
+####### ##@######.........,
.......# #)......#.........,
...###.# #.......#.......##* ...#
#.# #.......#.......# ...###.####
###.......#.......#
>.....w...###....##############
+#####.#.w..#....#
,,,,,#.#.#..#....#
,,,,,#.#....#....#


You could see 2 gnolls.

Vanquished Creatures
  An iguana (D:2)
  An adder (D:1)
  A gnoll (D:2)
  A worm (D:2)
  A dart slug (D:1)
  A leopard gecko (D:1)
  3 bats
  2 giant cockroaches (D:1)
  A goblin (D:1)
  3 hobgoblins
  3 jackals (D:2)
  2 quokkas (D:2)
  A frilled lizard (D:1)
  4 kobolds
  8 rats
33 creatures vanquished.

Vanquished Creatures (others)
  68 foxfires
68 creatures vanquished.

Grand Total: 101 creatures vanquished

Notes
Turn   | Place    | Note
-------+----------+-------------------------------------------
     0 | D:1      | ubername the Draconian Fire Elementalist began the quest
                  | for the Orb.
     0 | D:1      | Reached XP level 1. HP: 14/14 MP: 3/3
   244 | D:1      | Reached XP level 2. HP: 16/20 MP: 1/5
  1184 | D:2      | Reached XP level 3. HP: 26/26 MP: 0/6
  1299 | D:2      | Learned a level 3 spell: Conjure Flame
  1723 | D:2      | Reached XP level 4. HP: 8/33 MP: 5/7
  2017 | D:2      | Reached skill level 1 in Short Blades
  2019 | D:2      | Mangled by a gnoll

Illustrated notes

Levels and vault maps discovered:
D:1:      roderic_dead_forest, layout_loops_ring, minmay_door_square,
          minmay_misc_feat_square
D:2:      layout_basic

Skill      XL: |  1  2  3  4 |
---------------+-------------+-----
Stealth        | 2 |  2.1
Dodging        | 2 |  2.0
Short Blades   | 1 |  1.0
Fighting       | |  0.3
Spellcasting   | |  2.4
Conjurations   | |  1.6
Fire Magic     | |  3.9

Action                   |  1- 3 |  4- 6 || total
-------------------------+-------+-------++-------
Melee: Unarmed           |     9 |       ||     9
       Short sword       |    44 |     9 ||    53
       Tailslap          |     3 |       ||     3
 Cast: Foxfire           |    50 |     5 ||    55
       Conjure Flame     |     1 |       ||     1
  Use: Scroll            |     1 |     3 ||     4
       Potion            |     3 |       ||     3
Armor: Skin              |    33 |     4 ||    37
Dodge: Dodged            |    91 |    12 ||   103
